 Dungeon Crawl Stone Soup version 0.29.0-4-gdea44cf6ec (webtiles) character file.

Game seed: 4900159980456877746

360 qw the Chopper (level 6, -7/51 HPs)
             Began as a Ghoul Enchanter on Sept 9, 2022.
             Mangled by Duvessa
             ... wielding a +0 short sword
              (9 damage)
             ... on level 4 of the Dungeon.
             The game lasted 00:01:24 (3203 turns).

qw the Chopper (Ghoul Enchanter)                    Turns: 3203, Time: 00:01:25

Health: -7/51      AC:  8    Str: 14    XL:     6   Next: 65%
Magic:  7/7        EV:  6    Int: 10    God:
Gold:   181        SH:  0    Dex:  9    Spells: 8/8 levels left

rFire   . . .      SeeInvis .   Y - +0 hand axe
rCold   + . .      Faith    .   (no shield)
rNeg    + + +      Spirit   .   b - +0 chain mail
rPois   inf        Reflect  .   (no helmet)
rElec   .          Harm     .   (no cloak)
rCorr   .          Rampage  .   (no gloves)
Will    .....                   (no boots)
Stlth   ..........              (no amulet)
HPRegen 0.00/turn               c - +4 ring of slaying {mikee}
MPRegen 0.10/turn               (no ring)

@: lit by a corona, inhibited regen, glowing
A: claws 1, cold resistance 1, negative energy resistance 3, inhibited
regeneration, torment resistance 2, devour on kill
a: no special abilities


You were on level 4 of the Dungeon.
You visited 1 branch of the dungeon, and saw 4 of its levels.

You collected 181 gold pieces.


Innate Abilities, Weirdness & Mutations

You are immune to poison.
You have sharp fingernails.
Your flesh is cold resistant. (rC+)
You are immune to negative energy. (rN+++)
You do not regenerate when monsters are visible.
You are immune to unholy pain and torment.
You thrive by killing the living.


   Skills:
 - Level 3.1 Fighting
 - Level 0.8 Short Blades
 - Level 5.1 Axes
 + Level 0.0 Armour
 - Level 1.7 Dodging
 - Level 3.2 Stealth
 - Level 1.7 Spellcasting
 - Level 2.4 Hexes


You had 8 spell levels left.
You didn't know any spells.
Your spell library contained the following spells:

 Spells                   Type           Power      Damage    Failure   Level
 Ensorcelled Hibernation  Hex/Ice        6%         N/A       100%        2
 Confusing Touch          Hex            5%         N/A       100%        3
 Dazzling Flash           Conj/Hex       6%         N/A       100%        3
 Tukima's Dance           Hex            5%         N/A       100%        3

Inventory:

Hand Weapons
 d - a +1 whip of electrocution
 Y - a +0 hand axe (weapon)
Armour
 b - a +0 chain mail (worn)
Jewellery
 c - a +4 ring of slaying (left claw) {mikee}
 n - a ring of ice
Scrolls
 i - a scroll of identify
Potions
 e - 2 potions of might
 g - a potion of cancellation {unknown}
 j - a potion of degeneration {unknown}
 k - a potion of curing {unknown}
 m - a potion of brilliance {unknown}

Dungeon Overview and Level Annotations

Branches:
Dungeon (4/15)
 Temple: D:4-7

Altars:
Gozag
Kikubaaqudgha
Qazlal
Vehumet
Yredelemnul

Annotations:
D:4 Dowan, Duvessa


Message History

You hit Dowan but do no damage. Duvessa barely misses you.
Dowan casts a spell at you. The puff of flame hits you!
3196 ||| DRINKING potion of heal wounds.
You feel much better. Duvessa hits you with a +0 short sword.
Dowan hits you but does no damage.
You slash Duvessa!
Duvessa is severely wounded.
You closely miss Dowan. Duvessa hits you but does no damage.
Dowan gestures at you while chanting.
You are outlined in light.
Dowan zaps a wand.
The puff of flame hits you! Duvessa completely misses you.
You barely miss Duvessa.
Duvessa is severely wounded.
You hit Dowan. Duvessa hits you with a +0 short sword.
Dowan hits you but does no damage.
You closely miss Duvessa.
Duvessa is severely wounded.
You slash Dowan! Duvessa hits you with a +0 short sword.
Dowan hits you but does no damage.
You hit Duvessa.
Duvessa is severely wounded.
You hit Dowan. Duvessa hits you but does no damage. Dowan barely misses you.
You completely miss Duvessa.
Duvessa is severely wounded.
You closely miss Dowan. Duvessa hits you but does no damage.
Dowan zaps a wand.
The puff of flame hits you.
You hit Duvessa but do no damage.
Duvessa is severely wounded.
You barely miss Dowan. Duvessa hits you with a +0 short sword!
Dowan hits you but does no damage.
You barely miss Duvessa.
Duvessa is severely wounded.
You hit Dowan. Duvessa hits you with a +0 short sword!
You die...

.... ......# #.....#
#.....# #
#.....###### .
..##.....##@e.##....
...........e....$...
...................
#................
##...).##...##....
#....<.##...# ...
#......#...... ..
#......#....... .
################


You could see Duvessa and Dowan.

Vanquished Creatures
  Sigmund (D:3)
  A hound (D:3)
  Ijyb (D:3)
  Terence (D:3)
  An orc wizard (D:3)
  3 adders
  2 dart slugs
  3 orcs (D:3)
  4 ball pythons (D:1)
  4 bats
  6 endoplasms
  2 giant cockroaches (D:1)
  5 goblins
  6 hobgoblins
  2 quokkas
  2 frilled lizards
  5 kobolds
  3 rats
52 creatures vanquished.

Notes
Turn   | Place    | Note
-------+----------+-------------------------------------------
     0 | D:1      | qw the Ghoul Enchanter began the quest for the Orb.
     0 | D:1      | Reached XP level 1. HP: 14/14 MP: 2/2
     0 | D:1      | 0 ||| qw: Version: 0.1-a-112-g44dc6cd
     0 | D:1      | 0 ||| qw: Game counter: 6874
     0 | D:1      | 0 ||| qw: Always use a shield: true
     0 | D:1      | 0 ||| qw: God list: Okawaru
     0 | D:1      | 0 ||| qw: Allow faded altars: false
     0 | D:1      | 0 ||| qw: Do Orc after D:15 true
     0 | D:1      | 0 ||| qw: Do second Lair branch before Depths: true
     0 | D:1      | 0 ||| qw: Lair rune preference: random
     0 | D:1      | 0 ||| qw: Plans: Normal
     0 | D:1      | 0 ||| PLANNING D:1-11
   262 | D:1      | 262 ||| SWAPPING to +1 whip of electrocution.
   263 | D:1      | 263 ||| DROPPING +1 dagger.
   387 | D:1      | Reached skill level 1 in Axes
   539 | D:1      | Found a faded altar of an unknown god.
   576 | D:1      | Reached XP level 2. HP: 19/22 MP: 3/3
   624 | D:1      | Reached skill level 1 in Fighting
  1099 | D:1      | 1099 ||| Stepping ~*~*~tactically~*~*~ (hiding).
  1201 | D:1      | 1201 ||| Stepping ~*~*~tactically~*~*~ (hiding).
  1303 | D:1      | 1303 ||| Stepping ~*~*~tactically~*~*~ (hiding).
  1403 | D:1      | 1403 ||| UPGRADING to +0 ring mail.
  1413 | D:1      | 1413 ||| DROPPING +0 robe.
  1414 | D:1      | 1414 ||| READING scroll labelled YSTRIZ PALL.
  1415 | D:1      | 1415 ||| READING scroll labelled XEENGI EVE.
  1416 | D:1      | 1416 ||| READING scroll labelled EWNORA TUEPAO.
  1417 | D:1      | 1417 ||| READING scroll labelled FAAHOFR QILYL.
  1418 | D:1      | 1418 ||| DRINKING 3 smoky brown potions.
  1419 | D:1      | 1419 ||| DROPPING 2 potions of invisibility.
  1458 | D:2      | Found an opulent altar of Gozag.
  1462 | D:2      | Reached skill level 2 in Axes
  1462 | D:2      | Reached XP level 3. HP: 28/28 MP: 4/4
  1508 | D:2      | 1508 ||| Stepping ~*~*~tactically~*~*~ (stealth).
  1510 | D:2      | 1510 ||| Stepping ~*~*~tactically~*~*~ (stealth).
  1512 | D:2      | 1512 ||| Stepping ~*~*~tactically~*~*~ (stealth).
  1556 | D:2      | 1556 ||| Stepping ~*~*~tactically~*~*~ (stealth).
  1559 | D:2      | 1559 ||| Stepping ~*~*~tactically~*~*~ (stealth).
  2005 | D:2      | 2005 ||| DROPPING ring of flight.
  2006 | D:2      | 2006 ||| UPGRADING to +4 ring of slaying {mikee}.
  2007 | D:2      | 2007 ||| READING scroll labelled GITOUPSITED.
  2008 | D:2      | 2008 ||| READING scroll labelled KIHELO GUDU.
  2009 | D:2      | 2009 ||| DRINKING 2 emerald potions.
  2010 | D:2      | 2010 ||| DRINKING 2 white potions.
  2011 | D:2      | 2011 ||| DROPPING potion of lignification.
  2012 | D:2      | 2012 ||| DROPPING potion of berserk rage.
  2055 | D:3      | Reached skill level 3 in Axes
  2055 | D:3      | Reached XP level 4. HP: 12/36 MP: 5/5
  2056 | D:3      | HP: 8/36 [quokka (4)]
  2352 | D:3      | Noticed Sigmund
  2354 | D:3      | 2354 ||| Stepping ~*~*~tactically~*~*~ (hiding).
  2363 | D:3      | Killed Sigmund
  2364 | D:3      | Reached skill level 4 in Axes
  2364 | D:3      | Reached XP level 5. HP: 25/41 MP: 6/6
  2364 | D:3      | Reached XP level 6. HP: 30/48 MP: 7/7
  2833 | D:3      | 2833 ||| Stepping ~*~*~tactically~*~*~ (stealth).
  2834 | D:3      | Noticed Ijyb
  2835 | D:3      | 2835 ||| Stepping ~*~*~tactically~*~*~ (hiding).
  2836 | D:3      | 2836 ||| Stepping ~*~*~tactically~*~*~ (hiding).
  2843 | D:3      | Killed Ijyb
  2848 | D:3      | Noticed Terence
  2849 | D:3      | Reached skill level 3 in Fighting
  2854 | D:3      | Killed Terence
  2855 | D:3      | Reached skill level 5 in Axes
  2872 | D:3      | 2872 ||| SWAPPING to +0 hand axe.
  2879 | D:3      | 2879 ||| Stepping ~*~*~tactically~*~*~ (stealth).
  2888 | D:3      | 2888 ||| Stepping ~*~*~tactically~*~*~ (stealth).
  2901 | D:3      | Found a basalt altar of Yredelemnul.
  2912 | D:3      | Found a stormy altar of Qazlal.
  2912 | D:3      | Found an opulent altar of Gozag.
  2923 | D:3      | Found a radiant altar of Vehumet.
  2926 | D:3      | Found an ancient bone altar of Kikubaaqudgha.
  3117 | D:3      | 3117 ||| UPGRADING to +0 chain mail.
  3127 | D:3      | 3127 ||| DROPPING +0 ring mail.
  3128 | D:3      | 3128 ||| READING scroll labelled BIAWIES QEOGH.
  3129 | D:3      | 3129 ||| READING scroll labelled MOHUIFFINUH.
  3130 | D:3      | 3130 ||| READING 2 scrolls of identify.
  3130 | D:3      | 3130 ||| IDENTIFYING lumpy clear potion
  3180 | D:4      | Noticed Duvessa
  3183 | D:4      | Noticed Dowan
  3188 | D:4      | 3188 ||| Stepping ~*~*~tactically~*~*~ (hiding).
  3195 | D:4      | HP: 12/51 [Dowan/puff of flame (10)]
  3196 | D:4      | 3196 ||| DRINKING potion of heal wounds.
  3201 | D:4      | HP: 9/51 [Dowan/puff of flame (2)]
  3202 | D:4      | HP: 2/51 [Duvessa/+0 short sword (7)]
  3203 | D:4      | Mangled by Duvessa

Levels and vault maps discovered:
D:1:      dpeg_arrival_court, layout_basic, ebering_ecumenical_altar_mist
D:2:      layout_rooms, basic_altar
D:3:      layout_basic, minmay_overflow_temple_star_hex,
          wad_floor_pattern_untrapped, grunt_ministairs_9, uniq_terence,
          uniq_ijyb, uniq_sigmund
D:4:      kennysheep_big_flooded_room, layout_gridville, uniq_duvessa,
          uniq_eustachio, uniq_robin

Skill      XL: |  1  2  3  4  5  6 |
---------------+-------------------+-----
Axes           | 1 2 3 4 5 |  5.1
Fighting       | 1 2 3 |  3.1
Short Blades   | |  0.8
Dodging        | |  1.7
Stealth        | |  3.2
Spellcasting   | |  1.7
Hexes          | |  2.4

Action                   |  1- 3 |  4- 6 || total
-------------------------+-------+-------++-------
Melee: Whip              |   110 |    45 ||   155
       Dagger            |     5 |       ||     5
       Punch             |     1 |       ||     1
       Hand axe          |       |    22 ||    22
  Use: Scroll            |     6 |     3 ||     9
       Potion            |     3 |     1 ||     4
Armor: Robe              |     8 |       ||     8
       Ring mail         |    24 |    11 ||    35
       Chain mail        |       |    10 ||    10
Dodge: Dodged            |    54 |    14 ||    68

Table legend:
 A = Non-vault XP
 B = Vault XP
 C = Vault XP percentage of total XP
 D = Non-vault monster count
 E = Vault monster count
 F = Vault count percentage of total count
                 A         B        C        D         E       F
            +---------+---------+-------+---------+---------+-------
      Total |     158 |     357 |  69.3 |      47 |       5 |   9.6
            +---------+---------+-------+---------+---------+-------
        D:1 |      31 |       0 |   0.0 |      17 |       0 |   0.0
        D:2 |      50 |       0 |   0.0 |      15 |       0 |   0.0
        D:3 |      75 |     357 |  82.6 |      14 |       5 |  26.3
        D:4 |       2 |       0 |   0.0 |       1 |       0 |   0.0
            +---------+---------+-------+---------+---------+-------
